 Dungeon Crawl Stone Soup version 0.20-a0-1109-ge3cd172 (webtiles) character file.

217 George the Slasher (level 5, -1/46 HPs)
             Began as a Minotaur Fighter on May 5, 2017.
             Was a Follower of Makhleb.
             Slain by Duvessa
             ... wielding a +2 vampiric short sword
              (7 damage)
             ... on level 4 of the Dungeon.
             The game lasted 00:03:12 (2150 turns).

George the Slasher (Minotaur Fighter)               Turns: 2150, Time: 00:03:13

Health: -1/46      AC:  8    Str: 27    XL:     5   Next: 61%
Magic:  4/4        EV: 13    Int:  5    God:    Makhleb [*.....]
Gold:   175        SH: 10    Dex: 14    Spells: 4/4 levels left

rFire    + + .     SeeInvis .   a - +0 long sword
rCold    + . .     Gourm    .   c - +0 shield
rNeg     . . .     Faith    .   b - +0 scale mail
rPois    .         Spirit   .   (helmet restricted)
rElec    .         Reflect  .   m - scarf {rC+ rF+}
rCorr    .         Harm     .   (no gloves)
MR       .....                  q - +0 pair of boots
Stlth    +.........             i - amulet of rage
Regen    0.2/turn               t - ring of protection from fire
MPRegen  0.1/turn               (no ring)

@: mighty, agile
A: retaliatory headbutt, horns 2
a: Renounce Religion, Evoke Berserk Rage


You were on level 4 of the Dungeon.
You worshipped Makhleb.
Makhleb was aware of your devotion.
You were not hungry.

You visited 1 branch of the dungeon, and saw 4 of its levels.

You collected 175 gold pieces.

Inventory:

Hand Weapons
 a - a +0 long sword (weapon)
Armour
 b - a +0 scale mail (worn)
 c - a +0 shield (worn)
 m - a scarf of resistance (worn)
 q - a +0 pair of boots (worn)
Jewellery
 i - an amulet of rage (around neck)
 t - a ring of protection from fire (left hand)
 u - a cursed ring of loudness {unknown}
Scrolls
 e - 8 scrolls of identify {unknown}
 g - 2 scrolls of noise {unknown}
 h - a scroll of fog {unknown}
 j - 2 scrolls of enchant weapon {unknown}
 k - a scroll of immolation {unknown}
 s - a scroll of remove curse {unknown}
 v - 2 scrolls of teleportation {unknown}
 x - a scroll of blinking {unknown}
 y - a scroll of random uselessness {unknown}
 A - a scroll of enchant armour {unknown}
Potions
 n - a potion of mutation {unknown}
 o - a potion of degeneration {unknown}
 r - a potion of agility
 w - a potion of heal wounds {unknown}
 z - a potion of berserk rage {unknown}
Comestibles
 f - 4 bread rations
 l - 3 fruits
 p - a meat ration
 B - a chunk of flesh


   Skills:
 + Level 4.1 Fighting
 * Level 5.8 Long Blades
 + Level 4.2 Armour
 + Level 1.0 Dodging
 + Level 4.0 Shields
 + Level 1.1 Invocations


You had 4 spell levels left.
You didn't know any spells.

Dungeon Overview and Level Annotations

Branches:
Dungeon (4/15)
 Temple: D:4-7

Altars:
Cheibriados
Fedhas
Makhleb
Ru
Trog

Annotations:
D:4 Duvessa


Innate Abilities, Weirdness & Mutations

You reflexively headbutt those who attack you in melee.
You have a pair of horns on your head.


Message History

Duvessa hits you with a vampiric short sword.
* * * LOW HITPOINT WARNING * * *
You feel very mighty all of a sudden. Duvessa hits you but does no damage.
You hit Duvessa.
Duvessa is lightly wounded.
You block Duvessa's attack.
Duvessa hits you with a vampiric short sword.
* * * LOW HITPOINT WARNING * * *
Duvessa draws strength from your wounds!
You closely miss Duvessa. You block Duvessa's attack. x2
It was a potion of agility.
You feel agile all of a sudden. Duvessa barely misses you.
You riposte.
You slash Duvessa!
Duvessa is lightly wounded.
Duvessa hits you but does no damage.
You barely miss Duvessa. You headbutt Duvessa!
Duvessa is moderately wounded.
Duvessa hits you with a vampiric short sword!
You die...

## .. # ...
#. . ...#. .#
#.#.# #.#
#....###..#
#.#......#
#....e...####
#..@).....#
#####..##.#
.# .. .# .. .


You could see Duvessa (berserk).

Vanquished Creatures
  Dowan (D:4)
  A worker ant zombie (D:3)
  7 adders
  2 oozes
  2 worms (D:2)
  4 dart slugs
  4 leopard geckos
  An orc (D:3)
  A ball python (D:3)
  3 giant cockroaches (D:2)
  7 goblins
  5 hobgoblins
  10 jackals (D:3)
  A quokka (D:3)
  11 bats
  3 frilled lizards
  A kobold (D:2)
  6 rats
70 creatures vanquished.

Notes
Turn   | Place    | Note
-------+----------+-------------------------------------------
     0 | D:1      | George the Minotaur Fighter began the quest for the Orb.
     0 | D:1      | Reached XP level 1. HP: 19/19 MP: 0/0
    50 | D:1      | Reached skill level 3 in Long Blades
    55 | D:1      | Reached XP level 2. HP: 26/26 MP: 1/1
   361 | D:1      | Reached skill level 4 in Long Blades
   435 | D:1      | Reached XP level 3. HP: 31/31 MP: 2/2
   634 | D:2      | Found a bloodstained altar of Trog.
   720 | D:2      | Found a snail-covered altar of Cheibriados.
   800 | D:2      | Reached skill level 5 in Long Blades
   831 | D:2      | Found a burning altar of Makhleb.
   862 | D:2      | Became a worshipper of Makhleb the Destroyer
   922 | D:2      | Found a blossoming altar of Fedhas.
  1074 | D:2      | Reached XP level 4. HP: 40/40 MP: 3/3
  1753 | D:3      | Reached XP level 5. HP: 46/46 MP: 4/4
  1893 | D:3      | Found a sacrificial altar of Ru.
  1976 | D:3      | Reached * piety under Makhleb
  2135 | D:4      | Noticed Duvessa
  2135 | D:4      | Noticed Dowan
  2141 | D:4      | Killed Dowan
  2141 | D:4      | Reached skill level 1 in Dodging
  2141 | D:4      | Reached skill level 1 in Invocations
  2150 | D:4      | Slain by Duvessa

Vault maps used:
D:1:      denvon_arrival_waterhouse
D:2:      nicolae_overflow_crystal_walls, kennysheep_slug_shrine,
          overflow_temple_1_default, first_bread, fedhas_altar_3
D:3:      nicolae_ru_awakened_eye, item_on_display_a
D:4:      lemuel_round_altar, nemelex_altar_shiori,
          minmay_temple_entry_statues_fountains, st_stairs_3, uniq_edmund,
          uniq_duvessa, uniq_grinder

Skill      XL: |  1  2  3  4  5 |
---------------+----------------+-----
Long Blades    | 3 4 5 |  5.8
Armour         | 4 |  4.2
Fighting       | 4 |  4.1
Dodging        | 1 |  1.0
Shields        | 4 |  4.0
Invocations    | 1 |  1.1

Action                   |  1- 3 |  4- 6 || total
-------------------------+-------+-------++-------
Melee: Long sword        |    60 |    89 ||   149
       Headbutt          |    10 |    18 ||    28
  Use: Potion            |       |     2 ||     2
  Eat: Chunk             |       |     4 ||     4
Armor: Scale mail        |    31 |    36 ||    67
Dodge: Dodged            |    28 |    21 ||    49
Block: Shield            |    39 |    51 ||    90
       Rpst.: Long sword |     8 |     8 ||    16
